 Dungeon Crawl Stone Soup version 0.31-a0-198-g2ad674f65e (webtiles) character file.

Game seed: 287035233940647649

2745 qw the Markself (level 9, 0/52 HPs)
             Began as a Deep Elf Hunter on June 25, 2023.
             Succumbed to a killer bee's poison
             ... on level 8 of the Dungeon.
             The game lasted 00:02:52 (8820 turns).

qw the Markself (Deep Elf Hunter)                   Turns: 8820, Time: 00:02:53

Health: 0/52       AC:  9    Str: 12    XL:     9   Next: 41%
Magic:  11/11      EV: 13    Int: 15    God:
Gold:   397        SH:  5    Dex: 18    Spells: 8/8 levels left

rFire   + . .        i - +0 orcbow
rCold   . . .        (shield currently unavailable)
rNeg    . . .        e - +0 ring mail
rPois   .            a - +2 helmet
rElec   .            (no cloak)
rCorr   .            (no gloves)
SInv    +            d - +0 pair of boots
Will    .....        c - amulet of reflection
Stlth   +            b - ring of see invisible
HPRegen 0.28/turn    g - ring of protection from fire
MPRegen 0.12/turn

%: reflection
@: lethally poisoned (0 -> -9)
A: no striking features
a: no special abilities


You were on level 8 of the Dungeon.
You visited 2 branches of the dungeon, and saw 10 of its levels.

You collected 397 gold pieces.


   Skills:
 - Level 4.0 Fighting
 + Level 15.3 Ranged Weapons
 - Level 1.0 Armour
 - Level 5.2 Dodging
 - Level 1.2 Stealth


You had 8 spell levels left.
You didn't know any spells.
Your spell library was empty.

Inventory:

Hand Weapons
 i - a +0 orcbow (weapon)
Armour
 a - a +2 helmet (worn)
 d - a +0 pair of boots (worn)
 e - a +0 ring mail (worn)
Jewellery
 b - a ring of see invisible (left hand)
 c - an amulet of reflection (around neck)
 g - a ring of protection from fire (right hand)
 n - a ring of positive energy
 w - a ring of willpower
Scrolls
 f - a scroll of identify
 j - 4 scrolls of teleportation
Potions
 h - a potion of cancellation
 k - a potion of might
 l - a potion of enlightenment
 o - 2 potions of resistance
 p - a potion of berserk rage {unknown}
 q - a potion of invisibility {unknown}
 r - 3 potions of curing
 s - a potion of lignification {unknown}
 u - a potion of ambrosia {unknown}
 v - a potion of magic {unknown}
 x - a potion of brilliance {unknown}

Dungeon Overview and Level Annotations

Branches:
Dungeon (9/15)             Temple (1/1) D:7            Lair (0/5) D:8
    Orc: D:9-12

Altars:
Ashenzari
Cheibriados
Elyvilon
Fedhas
Gozag
Hepliaklqana
Kikubaaqudgha
Makhleb
Nemelex Xobeh
Qazlal
Ru
Sif Muna
Trog
Uskayaw
Vehumet
Xom
Yredelemnul
Zin
The Shining One

Shops:
D:1 =!:[

Annotations:
D:8 4 transporters


Message History

The killer bee barely misses you.
You climb upwards.
Level annotation: 4 transporters
There is a stone staircase leading down here.
You shoot an arrow. The arrow misses the killer bee.
The killer bee stings you but does no damage.
You block the wight's attack. The killer bee barely misses you.
You shoot an arrow. The arrow misses the killer bee.
The killer bee stings you. The wight hits you but does no damage.
You block the killer bee's attack.
You shoot an arrow. The arrow barely misses the killer bee.
The killer bee misses you. The wight misses you.
You shoot an arrow. The arrow misses the killer bee.
The killer bee closely misses you. The killer bee stings you!
You are poisoned.
The killer bee poisons you! The wight completely misses you.
You shoot an arrow. The arrow barely misses the killer bee.
You feel sick.
The killer bee stings you but does no damage.
You shoot an arrow. The arrow barely misses the killer bee.
You feel sick.
The killer bee stings you but does no damage.
The wight hits you with a +3 falchion. The killer bee stings you!
8817 ||| READING 5 scrolls of teleportation.
As you read the scroll of teleportation, it crumbles to dust.
You feel strangely unstable.
You feel sick. The killer bee stings you. The wight completely misses you.
The killer bee stings you but does no damage.
You shoot an arrow.
The arrow hits the killer bee but does no damage.
You block the killer bee's attack. You block the wight's attack.
The killer bee misses you.
You shoot an arrow. The arrow misses the killer bee.
You feel sick. The killer bee stings you.
You are more poisoned.
The killer bee poisons you! The wight completely misses you.
You shoot an arrow. The arrow hits the killer bee!
The killer bee is heavily wounded.
Your surroundings suddenly seem different.
You die...

#######
#########.....##################
........#.?...#................#
........#.....#................#
........#.....#.@..............#
####....#.....#...##........<..#
...#....#.....#...##...........#
...+....'.....#...#............#
...#'####.....#...+............#
..............#...#....#########
..........#########....#
..........#.......#....#
###.......#.7...7.##...#


There were no monsters in sight!

Vanquished Creatures
  Eustachio (D:6)
  A wyvern (D:8)
  A yak (D:8)
  Menkaure (D:6)
  A water moccasin (D:6)
  2 sky beasts (D:7)
  2 ice beasts
  An ogre (D:4)
  3 black bears
  3 centaurs (D:8)
  3 bullfrogs
  2 scorpions (D:5)
  A wight (D:9)
  4 killer bees (D:9)
  2 howler monkeys
  A gnoll bouda (D:7)
  2 jellies
  An orc priest (D:8)
  A sleepcap (D:6)
  4 iguanas
  2 orc wizards
  3 gnolls (D:7)
  7 adders
  3 white imps (D:5)
  An ufetubus (D:4)
  A worm (D:4)
  A dart slug (D:4)
  23 orcs
  5 endoplasms
  4 giant cockroaches
  9 hobgoblins
  5 jackals (D:2)
  A quokka (D:1)
  7 ball pythons
  4 bats
  2 goblins
  9 kobolds
  5 rats
129 creatures vanquished.

Notes
Turn   | Place    | Note
-------+----------+-------------------------------------------
     0 | D:1      | qw the Deep Elf Hunter began the quest for the Orb.
     0 | D:1      | Reached XP level 1. HP: 12/12 MP: 3/3
     0 | D:1      | 0 ||| qw: Version: 0.3-a-22-g0ed2b0b
     0 | D:1      | 0 ||| qw: Game counter: 4990
     0 | D:1      | 0 ||| qw: Melee chars always use a shield: true
     0 | D:1      | 0 ||| qw: God list: Okawaru
     0 | D:1      | 0 ||| qw: Allow faded altars: false
     0 | D:1      | 0 ||| qw: Do Orc after clearing Dungeon:15 true
     0 | D:1      | 0 ||| qw: Do second Lair branch before Depths: true
     0 | D:1      | 0 ||| qw: Lair rune preference: random
     0 | D:1      | 0 ||| qw: Goals: Normal
     0 | D:1      | 0 ||| PLANNING D:1-11
   212 | D:1      | Found Lore's Distillery.
   223 | D:1      | 223 ||| SHOPLISTING potion of cancellation (88 gold, have
                  | 14).
   223 | D:1      | 223 ||| SHOPLISTING potion of haste (110 gold, have 14).
   223 | D:1      | 223 ||| SHOPLISTING potion of heal wounds (55 gold, have
                  | 14).
   223 | D:1      | 223 ||| SHOPLISTING potion of mutation (88 gold, have 14).
   237 | D:1      | Found Moruqy's Book Emporium.
   380 | D:1      | Found Moshin's Antique Armour Shop.
   383 | D:1      | 383 ||| SHOPLISTING pair of gloves (90 gold, have 29).
   383 | D:1      | 383 ||| SHOPLISTING runed leather armour (100 gold, have
                  | 29).
   529 | D:1      | Reached skill level 6 in Ranged Weapons
   529 | D:1      | Reached XP level 2. HP: 16/16 MP: 4/4
   611 | D:1      | Found Astenifi's Jewellery Boutique.
   619 | D:1      | 619 ||| SHOPLISTING +5 ring of evasion (396 gold, have 29).
   619 | D:1      | 619 ||| SHOPLISTING +6 ring of strength (396 gold, have
                  | 29).
   619 | D:1      | 619 ||| SHOPLISTING ring of ice (275 gold, have 29).
   619 | D:1      | 619 ||| SHOPLISTING ring of positive energy (220 gold, have
                  | 29).
   619 | D:1      | 619 ||| SHOPLISTING ring of protection from cold (275 gold,
                  | have 29).
   619 | D:1      | 619 ||| SHOPLISTING ring of resist corrosion (220 gold,
                  | have 29).
   619 | D:1      | 619 ||| SHOPLISTING ring of see invisible (165 gold, have
                  | 29).
   885 | D:1      | 885 ||| UPGRADING to +0 pair of boots.
   890 | D:1      | 890 ||| UPGRADING to +0 ring mail.
   900 | D:1      | 900 ||| DROPPING +0 leather armour.
   901 | D:1      | 901 ||| UPGRADING to ring of positive energy.
   902 | D:1      | 902 ||| READING scroll labelled UBLI JYDGHU.
   903 | D:1      | 903 ||| READING scroll labelled CILUWO ILONUSH.
   904 | D:1      | 904 ||| READING 3 scrolls labelled PUREHU QAQUOP.
   907 | D:1      | 907 ||| READING scroll labelled YFUGYSK GARESEL.
  1008 | D:1      | 1008 ||| DROPPING scroll of butterflies.
  1020 | D:2      | Found a faded altar of an unknown god.
  1198 | D:2      | 1198 ||| FLEEEEING.
  1199 | D:2      | 1199 ||| FLEEEEING.
  1200 | D:2      | 1200 ||| FLEEEEING.
  1202 | D:2      | 1202 ||| FLEEEEING.
  1421 | D:2      | Noticed a howler monkey
  1433 | D:2      | Killed a howler monkey
  1434 | D:2      | Reached skill level 7 in Ranged Weapons
  1434 | D:2      | Reached XP level 3. HP: 8/20 MP: 5/5
  1767 | D:2      | Reached XP level 4. HP: 24/25 MP: 6/6
  1961 | D:2      | 1961 ||| UPGRADING to +0 helmet.
  1966 | D:2      | 1966 ||| UPGRADING to ring of protection from fire.
  1967 | D:2      | 1967 ||| READING scroll labelled CULUNT ATAUCS.
  1968 | D:2      | 1968 ||| DRINKING 2 purple potions.
  1969 | D:2      | 1969 ||| DRINKING 2 ruby potions.
  2116 | D:3      | Found a white marble altar of Elyvilon.
  2233 | D:3      | Noticed an ice beast
  2246 | D:3      | Killed an ice beast
  2247 | D:3      | Reached skill level 8 in Ranged Weapons
  2247 | D:3      | Reached XP level 5. HP: 29/29 MP: 7/7
  2747 | D:3      | Found a hazy altar of Hepliaklqana.
  3016 | D:3      | 3016 ||| UPGRADING to ring of see invisible.
  3018 | D:3      | 3018 ||| READING scroll labelled ICATUUXKAI.
  3019 | D:3      | 3019 ||| READING 2 scrolls labelled AGHYGA DEUTS.
  3020 | D:3      | 3020 ||| READING 2 scrolls labelled REDDUGUPYP.
  3021 | D:3      | 3021 ||| READING scroll labelled HAGENE VOESM.
  3075 | D:3      | 3075 ||| READING scroll labelled KIYMOCRUGOU.
  3076 | D:3      | 3076 ||| DROPPING scroll of fear.
  3077 | D:3      | 3077 ||| DROPPING scroll of blinking.
  3127 | D:4      | Reached skill level 9 in Ranged Weapons
  3269 | D:4      | Reached skill level 1 in Armour
  3289 | D:4      | Reached XP level 6. HP: 35/35 MP: 8/8
  3356 | D:4      | Reached skill level 10 in Ranged Weapons
  3399 | D:4      | 3399 ||| FLEEEEING.
  3400 | D:4      | 3400 ||| FLEEEEING.
  3401 | D:4      | 3401 ||| FLEEEEING.
  3402 | D:4      | 3402 ||| FLEEEEING.
  3403 | D:4      | 3403 ||| FLEEEEING.
  3404 | D:4      | 3404 ||| FLEEEEING.
  3405 | D:4      | 3405 ||| FLEEEEING.
  3416 | D:4      | Reached skill level 3 in Dodging
  3426 | D:4      | Reached XP level 7. HP: 24/40 MP: 9/9
  3461 | D:4      | 3461 ||| FLEEEEING.
  3462 | D:4      | 3462 ||| FLEEEEING.
  3463 | D:4      | 3463 ||| FLEEEEING.
  3464 | D:4      | 3464 ||| FLEEEEING.
  3465 | D:4      | 3465 ||| FLEEEEING.
  3466 | D:4      | 3466 ||| FLEEEEING.
  3467 | D:4      | 3467 ||| FLEEEEING.
  3468 | D:4      | 3468 ||| FLEEEEING.
  3469 | D:4      | 3469 ||| FLEEEEING.
  3470 | D:4      | 3470 ||| FLEEEEING.
  3471 | D:4      | 3471 ||| FLEEEEING.
  3472 | D:4      | 3472 ||| FLEEEEING.
  3473 | D:4      | 3473 ||| FLEEEEING.
  3474 | D:4      | 3474 ||| FLEEEEING.
  3998 | D:4      | 3998 ||| READING scroll labelled HETAEM ARRI.
  3999 | D:4      | 3999 ||| DRINKING 2 smoky orange potions.
  4000 | D:4      | 4000 ||| DRINKING 3 lumpy yellow potions.
  4023 | D:5      | Entered Level 5 of the Dungeon
  4187 | D:5      | Found a bloodstained altar of Trog.
  4493 | D:5      | Reached skill level 11 in Ranged Weapons
  4494 | D:5      | HP: 10/40 [poisoned by a scorpion]
  4716 | D:5      | 4716 ||| READING scroll of enchant armour.
  4716 | D:5      | 4716 ||| ENCHANTING +0 helmet.
  5100 | D:5      | 5100 ||| READING 2 scrolls labelled BUIMAP ZOUMIDI.
  5101 | D:5      | 5101 ||| READING scroll of enchant weapon.
  5101 | D:5      | 5101 ||| ENCHANTING +1 shortbow.
  5160 | D:6      | Identified the +1 pair of boots "Maammaba" {Str+4 Dex-3}
  5238 | D:6      | Reached skill level 12 in Ranged Weapons
  5308 | D:6      | 5308 ||| READING scroll of enchant weapon.
  5308 | D:6      | 5308 ||| ENCHANTING +2 shortbow.
  5644 | D:6      | Noticed Menkaure
  5649 | D:6      | 5649 ||| FLEEEEING.
  5650 | D:6      | 5650 ||| FLEEEEING.
  5651 | D:6      | 5651 ||| FLEEEEING.
  5652 | D:6      | 5652 ||| FLEEEEING.
  5665 | D:6      | 5665 ||| FLEEEEING.
  5666 | D:6      | 5666 ||| FLEEEEING.
  5667 | D:6      | 5667 ||| FLEEEEING.
  5668 | D:6      | 5668 ||| FLEEEEING.
  5674 | D:6      | 5674 ||| FLEEEEING.
  5675 | D:6      | 5675 ||| FLEEEEING.
  5676 | D:6      | 5676 ||| FLEEEEING.
  5695 | D:6      | Killed Menkaure
  5696 | D:6      | Reached skill level 3 in Fighting
  5696 | D:6      | Reached XP level 8. HP: 38/46 MP: 10/10
  5768 | D:6      | HP: 11/46 [water moccasin (4)]
  5769 | D:6      | 5769 ||| READING 5 scrolls of teleportation.
  5769 | D:6      | HP: 4/46 [water moccasin (2)]
  5770 | D:6      | 5770 ||| DRINKING 3 potions of heal wounds.
  5773 | D:6      | 5773 ||| DRINKING 2 potions of heal wounds.
  5953 | D:6      | Noticed Eustachio
  5958 | D:6      | 5958 ||| FLEEEEING.
  5962 | D:6      | 5962 ||| FLEEEEING.
  5963 | D:6      | 5963 ||| FLEEEEING.
  5964 | D:6      | 5964 ||| FLEEEEING.
  5998 | D:6      | Killed Eustachio
  6630 | D:6      | 6630 ||| DROPPING +1 pair of boots "Maammaba" {Str+4
                  | Dex-3}.
  6631 | D:6      | 6631 ||| READING 3 scrolls of identify.
  6631 | D:6      | 6631 ||| IDENTIFYING lumpy amethyst potion
  6632 | D:6      | 6632 ||| READING 2 scrolls of identify.
  6632 | D:6      | 6632 ||| IDENTIFYING clear potion
  6633 | D:6      | 6633 ||| DROPPING potion of degeneration.
  6702 | D:7      | 6702 ||| Stepping ~*~*~tactically~*~*~ (outnumbered).
  6704 | D:7      | 6704 ||| Stepping ~*~*~tactically~*~*~ (outnumbered).
  6708 | D:7      | 6708 ||| Stepping ~*~*~tactically~*~*~ (outnumbered).
  6731 | D:7      | Reached skill level 13 in Ranged Weapons
  6787 | D:7      | Found a staircase to the Ecumenical Temple.
  6788 | D:7      | 6788 ||| PLANNING TEMPLE
  6788 | D:7      | 6788 ||| DRINKING 2 white potions.
  6789 | D:7      | 6789 ||| DROPPING potion of attraction.
  6799 | Temple   | Entered the Ecumenical Temple
  7023 | Temple   | 7023 ||| PLANNING D:1-11
  7582 | D:7      | 7582 ||| UPGRADING to amulet of reflection.
  7587 | D:7      | 7587 ||| READING 2 scrolls of identify.
  7587 | D:7      | 7587 ||| IDENTIFYING blue potion
  7638 | D:8      | Reached skill level 14 in Ranged Weapons
  7638 | D:8      | 7638 ||| FLEEEEING.
  7639 | D:8      | 7639 ||| FLEEEEING.
  7731 | D:8      | Found a transporter.
  7740 | D:8      | 7740 ||| SWAPPING to +0 orcbow.
  7741 | D:8      | 7741 ||| DROPPING +3 shortbow.
  7751 | D:8      | Found a transporter.
  8067 | D:8      | Reached XP level 9. HP: 38/51 MP: 11/11
  8155 | D:8      | Found a transporter.
  8173 | D:8      | Found a transporter.
  8201 | D:8      | Reached skill level 15 in Ranged Weapons
  8335 | D:8      | Found a staircase to the Lair.
  8344 | D:8      | 8344 ||| READING scroll of enchant armour.
  8344 | D:8      | 8344 ||| ENCHANTING +1 helmet.
  8547 | D:8      | 8547 ||| DROPPING +6 ring of intelligence.
  8615 | D:9      | HP: 13/52 [killer bee (4)]
  8616 | D:9      | 8616 ||| READING 6 scrolls of teleportation.
  8616 | D:9      | HP: 6/52 [killer bee (1)]
  8617 | D:9      | 8617 ||| DRINKING potion of heal wounds.
  8620 | D:9      | 8620 ||| FLEEEEING.
  8621 | D:9      | 8621 ||| FLEEEEING.
  8621 | D:9      | HP: 9/52 [poisoned by a killer bee]
  8622 | D:9      | 8622 ||| STAIRDANCE
  8625 | D:8      | HP: 4/52 [poisoned by a killer bee]
  8809 | D:9      | 8809 ||| STAIRDANCE
  8816 | D:8      | HP: 11/52 [killer bee (8)]
  8817 | D:8      | 8817 ||| READING 5 scrolls of teleportation.
  8819 | D:8      | HP: 2/52 [killer bee (5)]
  8820 | D:8      | Succumbed to a killer bee's poison

Levels and vault maps discovered:
D:1:      saegor_arrival_simple_c, layout_basic, serial_shops,
          nicolae_shop_real_fake_doors, shop, shop, shop
D:2:      layout_basic, nicolae_ecumenical_pavilion
D:3:      layout_basic, nzn_hepliaklqana_mist_gate, elyvilon_altar_3,
          grunt_decor_mini_mirrors
D:4:      layout_basic, kennysheep_decorative_pillar, chequers_arboretum,
          dk_noncrumbling_3
D:5:      layout_layer_cave, trog_book, serial_bayou_pond_a
D:6:      layout_basic, uniq_menkaure, uniq_eustachio
D:7:      layout_loops_ring, minmay_temple_entry_stoned_glass
D:8:      layout_gridville, david_lair_generic, dreamdust_princess_bridge,
          nicolae_transporter_intersection
D:9:      layout_basic, grunt_dithmenos_smoke_and_mirrors, serial_undead,
          serial_undead_a, serial_undead_e, serial_undead_d, serial_undead_f,
          serial_undead_d
Temple:   minmay_temple_bridge_d

Skill      XL: |  1  2  3  4  5  6  7  8  9 |
---------------+----------------------------+-----
Ranged Weapons | 6 7 8 9 10 12 14 15 | 15.3
Fighting       | 2 3 4 |  4.0
Armour         | 1 |  1.0
Dodging        | 3 5 |  5.2
Stealth        | |  1.2

Action                     |  1- 3 |  4- 6 |  7- 9 || total
---------------------------+-------+-------+-------++-------
   Fire: Shortbow          |    80 |   144 |   282 ||   506
         Orcbow            |       |       |   108 ||   108
    Use: Scroll            |     4 |     6 |    12 ||    22
         Potion            |       |     2 |     6 ||     8
 Armour: Leather armour    |     1 |       |       ||     1
         Ring mail         |    12 |    27 |    76 ||   115
  Dodge: Dodged            |    12 |    39 |   132 ||   183
  Block: Other             |       |       |    34 ||    34
         Reflection        |       |       |     1 ||     1

Table legend:
 A = Non-vault XP
 B = Vault XP
 C = Vault XP percentage of total XP
 D = Non-vault monster count
 E = Vault monster count
 F = Vault count percentage of total count
                 A         B        C        D         E       F
            +---------+---------+-------+---------+---------+-------
      Total |    2807 |    1115 |  28.4 |     122 |       7 |   5.4
            +---------+---------+-------+---------+---------+-------
        D:1 |      20 |       0 |   0.0 |      13 |       0 |   0.0
        D:2 |      82 |       0 |   0.0 |      19 |       0 |   0.0
        D:3 |     168 |       0 |   0.0 |      12 |       0 |   0.0
        D:4 |     479 |       0 |   0.0 |      22 |       0 |   0.0
        D:5 |     292 |       0 |   0.0 |      13 |       0 |   0.0
        D:6 |     473 |     389 |  45.1 |      20 |       2 |   9.1
        D:7 |     494 |       0 |   0.0 |      11 |       0 |   0.0
        D:8 |     548 |     652 |  54.3 |       8 |       4 |  33.3
        D:9 |     251 |      74 |  22.8 |       4 |       1 |  20.0
            +---------+---------+-------+---------+---------+-------
